 Dungeon Crawl Stone Soup version 0.14-a0-181-gf6fe0c6 (webtiles) character file.

133 PolkaDot the Vexing (level 3, 0/24 HPs)
             Began as a Vampire Enchanter on Oct 6, 2013.
             Slain by an adder (5 damage)
             ... on Level 2 of the Dungeon.
             The game lasted 00:03:45 (1169 turns).

PolkaDot the Vexing (Vampire Enchanter)             Turns: 1169, Time: 00:03:45

HP   0/24        AC  3     Str  7      XL: 3   Next: 57%
MP   6/6         EV 12     Int 17      God:
Gold 82          SH  0     Dex 15      Spells:  1 memorised,  3 levels left

Res.Fire  : . . .   See Invis. : +   a - +1 dagger
Res.Cold  : . . .   Warding    : .   b - +1 robe
Life Prot.: . . .   Conserve   : .   (no shield)
Res.Poison: .       Res.Corr.  : .   (no helmet)
Res.Elec. : .       Clarity    : .   (no cloak)
Sust.Abil.: . .     Spirit.Shd : .   (no gloves)
Res.Mut.  : .       Stasis     : .   (no boots)
Res.Rott. : .       Flight     : .   (no amulet)
Saprovore : . . .                    (no ring)
                                     (no ring)

@: regenerating quickly, confused, mildly poisoned, slightly resistant to
hostile enchantments, unstealthy
A: fangs 3, see invisible, unbreathing
a: no special abilities


You were on level 2 of the Dungeon.
You were full.

You visited 1 branch of the dungeon, and saw 2 of its levels.

You collected 62 gold pieces.

Inventory:

Hand weapons
 a - a +1,+1 dagger (weapon)
Missiles
 d - 12 darts (quivered)
Armour
 b - a +1 robe (worn)
Scrolls
 h - 2 scrolls of identify {unknown}
 i - a scroll of remove curse {unknown}
 j - a scroll of curse weapon {unknown}
Potions
 e - a potion of restore abilities {unknown}
 f - 2 potions of confusion
 g - a potion of magic {unknown}
Books
 c - a book of Maledictions

   Spells                             Type                      Level
   *Corona                            Hexes                        1
   Sure Blade                         Hexes/Charms                 2
   Ensorcelled Hibernation            Hexes/Ice                    2
   Confuse                            Hexes                        3
   Enslavement                        Hexes                        4
   Invisibility                       Hexes                        6


   Skills:
 * Level 3.9 Short Blades
 - Level 0.7 Throwing
 - Level 2.1 Dodging
 - Level 3.0 Stealth
 - Level 1.0 Spellcasting
 - Level 4.4 Hexes


You had 3 spell levels left.
You knew the following spells:

 Your Spells              Type           Power        Failure   Level  Hunger
a - Corona                Hex            ###....      3%          1    ##.....


Dungeon Overview and Level Annotations

Branches:
Dungeon (2/27)

Altars:
Xom


Innate Abilities, Weirdness & Mutations

Your natural rate of healing is unusually fast.
You have razor-sharp teeth.*
You have supernaturally acute eyesight.
You can survive without breathing.*


Message History

The adder bites you but does no damage. The adder closely misses you.
You closely miss the adder. The adder bites you but does no damage.
You miss the adder. The adder closely misses you.
You closely miss the adder. Your bite misses the adder.
The adder closely misses you.
You miss the adder.
You feel sick. The adder bites you.
You closely miss the adder. The adder bites you.
You hit the adder.
The adder is lightly wounded.
The adder closely misses you.
You closely miss the adder.
The adder is lightly wounded.
The adder bites you.
* * * LOW HITPOINT WARNING * * *
You are more poisoned.
The adder poisons you!
Drink which item? (? for menu, Esc to quit)
You are confused.
It was a potion of confusion.
The adder bites you.
You die...

. #.. ##### #####
###..###..........
........#.........#
#........#.........#
#........+.........#
#........#...(.....#
#........#..(......#####
#....)S@...........'....
#........#.........#####
#........#.........#
#........#..............
#........#.........#####
###################


You could see an adder.

Vanquished Creatures
  An adder (D:2)
  A worm (D:2)
  A giant gecko (D:1)
  3 bats (D:1)
  3 giant cockroaches (D:1)
  A goblin (D:1)
  5 hobgoblins
  5 jackals
  7 kobolds
  2 rats (D:1)
29 creatures vanquished.

Notes
Turn   | Place    | Note
--------------------------------------------------------------
     0 | D:1      | PolkaDot, the Vampire Enchanter, began the quest for the Orb.
     0 | D:1      | Reached XP level 1. HP: 13/13 MP: 4/4
   220 | D:1      | Reached XP level 2. HP: 11/19 MP: 5/5
   705 | D:1      | Found a shimmering altar of Xom.
   705 | D:1      | Found a shimmering altar of Xom.
   707 | D:1      | Found a shimmering altar of Xom.
   708 | D:1      | Found a shimmering altar of Xom.
   708 | D:1      | Found a shimmering altar of Xom.
   709 | D:1      | Found a shimmering altar of Xom.
   803 | D:2      | Reached XP level 3. HP: 7/24 MP: 6/6
  1169 | D:2      | Slain by an adder

Action                   || total
-------------------------++-------
Melee: Dagger            ||   200
  Use: Potion            ||     2
 Stab: Sleeping          ||     1
